 Dungeon Crawl Stone Soup version 0.25.1-2-g60ff931df9 (webtiles) character file.

Game seed: 2972157972018585613

37776 Acheron the Cleaver (level 13, -8/77 HPs)
             Began as a Gargoyle Artificer on Aug 27, 2020.
             Mangled by a white ugly thing (36 damage)
             ... on level 15 of the Dungeon.
             The game lasted 01:57:43 (19614 turns).

Acheron the Cleaver (Gargoyle Artificer)           Turns: 19614, Time: 01:57:43

Health: -8/77      AC: 30    Str: 17    XL:     13   Next: 98%
Magic:  21/21      EV: 13    Int: 15    God:
Gold:   699        SH:  0    Dex: 15    Spells: 13/23 levels left

rFire    . . .     SeeInvis +   x - +5 war axe of the Special Wishes {flame, rPois rC- Dex+4 SInv}
rCold    x . .     Gourm    .   (no shield)
rNeg     + . .     Faith    .   s - +0 scale mail
rPois    ∞         Spirit   .   r - +2 helmet
rElec    +         Reflect  .   (no cloak)
rCorr    .         Harm     .   (no gloves)
MR       .....                  O - +0 pair of boots
Stlth    ++........             n - amulet of the acrobat
HPRegen  0.22/turn              z - ring of Robustness {AC+8}
MPRegen  0.17/turn              K - +4 ring of slaying

@: slowed, very slow
A: negative energy resistance 1, electricity resistance, unbreathing,
petrification resistance, rot immunity, AC +9
a: no special abilities


You were on level 15 of the Dungeon.
You were not hungry.

You visited 3 branches of the dungeon, and saw 22 of its levels.
You also visited: Sewer.

You collected 1006 gold pieces.
You spent 307 gold pieces at shops.

Inventory:

Hand Weapons
 h - a +0 rapier of freezing
 x - the +5 war axe of the Special Wishes (weapon) {flame, rPois rC- Dex+4 SInv}
   (You bought it in a shop on level 8 of the Dungeon)

   It has been specially enchanted to burn those struck by it, causing extra
   injury to most foes and up to half again as much damage against particularly
   susceptible opponents.
   Big, fiery blades are also staple armaments of hydra-hunters.
   It affects your dexterity (+4).
   It makes you vulnerable to cold.
   It protects you from poison.
   It lets you see invisible.
 D - a +2 shortbow of freezing
 G - a +0 short sword of draining
 Q - a +4 scimitar of flaming
 V - a +0 vorpal long sword
Missiles
 g - 311 stones
 j - 5 javelins (quivered)
 v - 6 atropa-tipped darts
 E - 4 boomerangs
Armour
 r - a +2 helmet (worn)
 s - a +0 scale mail (worn)
 J - a +0 kite shield
 O - a +0 pair of boots (worn)
Magical Staves
 W - an uncursed staff of summoning
Jewellery
 i - an uncursed ring of see invisible
 n - an amulet of the acrobat (around neck)
 o - an uncursed ring of positive energy
 u - an uncursed ring of wizardry
 z - the ring of Robustness (left hand) {AC+8}
   (You found it on level 5 of the Dungeon)

   [ring of protection]

   It affects your AC (+8).
 A - an uncursed ring of fire
 K - a +4 ring of slaying (right hand)
 L - an uncursed ring of stealth
Wands
 b - a wand of clouds (6)
 c - a wand of flame (16)
 d - a wand of enslavement (12)
 y - a wand of iceblast (9)
 R - a wand of polymorph (10)
Scrolls
 a - 2 scrolls of identify
 w - 4 scrolls of amnesia
 B - 6 scrolls of teleportation
 I - 7 scrolls of remove curse
 M - 2 scrolls of fog
 N - 2 scrolls of enchant weapon
 P - 4 scrolls of enchant armour
 S - 2 scrolls of fear
Potions
 e - a potion of resistance
 k - 2 potions of flight
 l - 4 potions of lignification
 p - 2 potions of stabbing
 q - 2 potions of brilliance
 t - a potion of cancellation
 C - 2 potions of haste
 F - a potion of magic
 H - 3 potions of curing
 T - 3 potions of might
 U - a potion of heal wounds
Miscellaneous
 m - a lightning rod (4/4)
Comestibles
 f - 22 rations


   Skills:
 * Level 7.6 Fighting
 + Level 4.5 Short Blades
 * Level 10.6 Axes
 + Level 0.7 Staves
 * Level 5.8 Throwing
 * Level 7.7 Armour
 * Level 6.0 Dodging
 * Level 7.9 Stealth
 * Level 5.4 Shields
 * Level 5.5 Spellcasting
 * Level 5.1 Conjurations
 * Level 3.4 Charms
 * Level 4.0 Summonings
 * Level 4.0 Translocations
 * Level 6.1 Evocations


You had 13 spell levels left.
You knew the following spells:

 Your Spells              Type           Power        Failure   Level  Hunger
a - Magic Dart            Conj           ###.         5%          1    None
b - Blink                 Tloc           N/A          13%         2    #......
c - Call Imp              Summ           ###.....     13%         2    #......
d - Shroud of Golubria    Chrm/Tloc      ###...       14%         2    #......
e - Conjure Flame         Conj/Fire      ##......     43%         3    ###....

Your spell library contained the following spells:

 Spells                   Type           Power        Failure   Level  Hunger
 Gell's Gravitas          Tloc           ###.......   26%         3    ###....
 Lesser Beckoning         Tloc           ###.......   26%         3    ###....
 Teleport Other           Tloc           ###.....     26%         3    ###....
 Freeze                   Ice            #...         41%         1    None
 Mephitic Cloud           Conj/Pois/Air  #.......     54%         3    ###....
 Ozocubu's Armour         Chrm/Ice       #.......     54%         3    ###....
 Slow                     Hex            #.......     56%         2    #......
 Passage of Golubria      Tloc           N/A          63%         4    ####...
 Frozen Ramparts          Ice            #.....       80%         3    ###....
 Hailstorm                Conj/Ice       ##......     83%         4    ####...
 Summon Ice Beast         Ice/Summ       ##......     89%         4    ####...
 Cause Fear               Hex            #.........   99%         4    ####...
 Silence                  Hex/Air        #.........   100%        5    ######.
 Yara's Violent Unravell  Hex/Tmut       #.........   100%        5    ######.
 Discord                  Hex            #.........   100%        8    #######


Dungeon Overview and Level Annotations

Branches:
Dungeon (15/15)            Temple (1/1) D:5            Lair (6/6) D:9
 Spider (0/4) Lair:2        Slime (0/5) Lair:6          Orc (0/2) D:12
 Depths (0/5) D:15          Sewer (visited)
  Swamp: Lair:2-4    Shoals: Lair:2-4    Vaults: D:13-14

Altars:
Ashenzari
Cheibriados
Dithmenos
Elyvilon
Fedhas
Gozag
Kikubaaqudgha
Makhleb
Nemelex Xobeh
Okawaru
Qazlal
Ru
Sif Muna
Trog
Uskayaw
Vehumet
Wu Jian
Yredelemnul
Zin
The Shining One
Jiyva

Shops:
D:6 [   D:7 *   D:8 **((}   D:11 :   D:14 *

Portals:
Trove: D:11 (give +3 ice dragon scales)

Annotations:
D:2 1 runed translucent door, Crazy Yiuf
D:5 exclusion: downstairs
D:7 3 runed translucent doors, GeoCrane's ghost, novice TrBe; Maggie
D:8 exclusion: downstairs
D:11 2 runed translucent doors, exclusion: downstairs, Pyuq's ghost, journeyman DsBe
D:12 exclusion: downstairs, Snorg
D:13 Erolcha; Kirke
D:14 Frances
D:15 exclusion: oklob plant
Lair:2 exclusion: downstairs
Lair:5 exclusion: oklob plant


Innate Abilities, Weirdness & Mutations

You are resistant to torment.
Your stone body is resilient. (AC +9)
You are immune to poison.
You resist negative energy. (rN+)
You are resistant to electric shocks. (rElec)
You can survive without breathing.
You are immune to petrification.
You are immune to rotting.


Message History

A cyclops comes into view.
You hear a horrible gurgling sound! x2
You hit the wizard. You burn the wizard.
The wizard is lightly wounded.
You slash the vampire mosquito! You burn the vampire mosquito.
You destroy the vampire mosquito!
The wizard mumbles some strange words.
The wizard flickers and vanishes for a moment.
You slice the wizard!! You burn the wizard!
The wizard is almost dead.
The wizard casts a spell at you. The stone arrow hits you!
Unknown command.
You slash the wizard! You burn the wizard.
You kill the wizard!
Your Translocations skill increases to level 4!
You hit the white ugly thing but do no damage.
The white ugly thing bites you! The white ugly thing freezes you!!!
You feel a terrible chill!
You die...

**≈,≈#≈≈≈.,...,,,,*****#....≈
#≈≈.≈≈≈≈uO##.#*≈≈** #.....
#≈≈.≈≈≈≈≈≈≈#.#**** #.....
*#≈.≈≈≈≈≈≈≈≈.# #.....
#≈.≈≈≈≈≈C≈≈.# *,,,,,
#≈.p≈≈≈≈≈≈))# *,,,,,
*#.≈≈≈≈≈≈≈)5# ****+*
#.≈≈≈≈≈≈≈#u# *,* #........)@#
*,* ####≈≈≈##### *,* ##≈##
*,* ### *,, ***


You could see 2 ugly things, an ogre mage (fast), a cyclops and a shadow imp.

Vanquished Creatures
  Harold (D:7)
  A hydra (Lair:5)
  A catoblepas (Lair:6)
  Erica (Lair:2)
  5 two-headed ogres
  A wizard (D:15)
  A wolf spider zombie (D:15)
  11 elephants (Lair:6)
  2 black mambas
  8 spiny frogs
  4 centaur skeletons
  A gargoyle (D:11)
  A kobold demonologist (D:11)
  A yaktaur (D:15)
  2 komodo dragons
  A rime drake (Lair:6)
  5 trolls
  2 hornets (D:10)
  A hornet (shapeshifter) (D:14)
  14 blink frogs
  5 slime creatures
  5 hippogriffs
  5 wyverns
  Sigmund (D:6)
  A shadow (D:10)
  5 spriggans
  16 yaks
  A wraith (D:14)
  5 basilisks
  A hungry ghost (D:14)
  2 vampire mosquitoes (D:15)
  A soldier ant (D:11)
  An acid dragon (D:14)
  15 water moccasins
  Duvessa (D:5)
  7 porcupines
  An orc warrior (D:10)
  An ice beast (D:7)
  A black bear (D:4)
  A hornet zombie (D:11)
  A phantom (D:7)
  2 sky beasts
  2 boggarts (Lair:6)
  4 ogres
  9 wolves
  5 centaurs
  8 crocodiles
  14 bullfrogs
  15 big kobolds (D:11)
  Blork the orc (D:9)
  A gnoll sergeant (D:9)
  2 wyvern zombies
  A water moccasin skeleton (D:8)
  Dowan (D:5)
  A wyvern skeleton (D:10)
  A scorpion (D:6)
  5 wights
  2 electric eels (D:15)
  5 crimson imps
  2 bullfrog zombies (D:8)
  4 jellies
  4 orc priests
  4 hounds
  A quasit (D:10)
  6 centaur zombies
  A bullfrog skeleton (D:10)
  An iguana (D:8)
  6 orc wizards
  11 worker ants
  A hound skeleton (D:8)
  2 worker ant zombies
  9 adders
  3 gnolls (D:8)
  A shadow imp (D:8)
  8 oozes
  An adder zombie (D:9)
  An adder skeleton (D:8)
  2 worms (D:2)
  3 dart slugs
  27 leopard geckos
  20 orcs
  11 ball pythons
  22 giant cockroaches
  7 goblins
  5 hobgoblins
  2 jackals (D:6)
  A quokka (D:6)
  A ball python skeleton (D:5)
  10 bats
  14 frilled lizards
  16 kobolds
  A quokka zombie (D:7)
  9 rats
  A fungus (Lair:5)
438 creatures vanquished.

Vanquished Creatures (others)
  A wraith (D:15)
  A scorpion (D:2)
  11 bushes (Lair:6)
  20 fungi
  71 plants
104 creatures vanquished.

Grand Total: 542 creatures vanquished

Notes
Turn   | Place    | Note
-------+----------+-------------------------------------------
     0 | D:1      | Acheron the Gargoyle Artificer began the quest for the Orb.
     0 | D:1      | Reached XP level 1. HP: 12/12 MP: 2/2
    31 | D:1      | Reached skill level 1 in Short Blades
   250 | D:1      | Reached XP level 2. HP: 10/16 MP: 4/4
   577 | D:1      | Reached skill level 1 in Throwing
   622 | D:1      | Reached XP level 3. HP: 18/20 MP: 5/5
  1278 | D:2      | Reached skill level 1 in Armour
  1429 | D:2      | Reached XP level 4. HP: 18/25 MP: 6/6
  1569 | D:2      | Found a runed translucent door.
  1570 | D:2      | Noticed Crazy Yiuf
  1926 | D:5      | Entered Level 5 of the Dungeon
  1968 | D:4      | Reached XP level 5. HP: 5/29 MP: 7/7
  2674 | D:4      | Noticed a black bear
  2725 | D:5      | Found a staircase to the Ecumenical Temple.
  2732 | Temple   | Entered the Ecumenical Temple
  2887 | D:5      | Reached skill level 1 in Spellcasting
  2887 | D:5      | Reached XP level 6. HP: 32/35 MP: 8/8
  3873 | D:3      | Found a stormy altar of Qazlal.
  3873 | D:3      | Found a shimmering blue altar of Sif Muna.
  3873 | D:3      | Found a blossoming altar of Fedhas.
  4357 | D:4      | Killed a black bear
  4708 | D:4      | Found a glowing silver altar of Zin.
  5042 | D:5      | Noticed a sky beast
  5061 | D:5      | Killed a sky beast
  5061 | D:5      | Reached XP level 7. HP: 35/40 MP: 9/9
  5108 | D:5      | Found the ring of Robustness {AC+8}
  5109 | D:5      | Noticed Dowan
  5111 | D:5      | Noticed Duvessa
  5123 | D:5      | Killed Dowan
  5124 | D:5      | Killed Duvessa
  5489 | D:6      | Noticed Sigmund
  5528 | D:6      | Reached skill level 1 in Axes
  5541 | D:6      | Found a glowing drain.
  5617 | Sewer    | Entered a sewer
  5726 | Sewer    | Reached XP level 8. HP: 44/45 MP: 10/10
  6777 | D:6      | Found Wogetuq's Antique Armour Emporium.
  7044 | D:6      | Found a bloodstained altar of Trog.
  7180 | D:8      | Found Ularygro's Antique Weapon Boutique.
  7191 | D:8      | Found Utics's Antique Weapon Shop.
  7265 | D:9      | Noticed a yak
  7265 | D:9      | Noticed a hippogriff
  7266 | D:9      | Found a staircase to the Lair.
  7486 | D:8      | Found Ewifaeh's Gadget Emporium.
  7539 | D:8      | Bought an encrusted war axe for 229 gold pieces
  7665 | D:8      | Identified the +5 war axe of the Special Wishes {flame,
                  | rPois rC- Dex+4 SInv} (You bought it in a shop on level 8
                  | of the Dungeon)
  7804 | D:8      | Found Rauhobid's General Store.
  7828 | D:8      | Bought a scroll of teleportation for 39 gold pieces
  7828 | D:8      | Bought a scroll of teleportation for 39 gold pieces
  8024 | D:8      | Reached skill level 2 in Axes
  8029 | D:7      | Reached XP level 9. HP: 49/51 MP: 12/12
  8080 | D:7      | Found a runed translucent gate.
  8081 | D:7      | Found an opulent altar of Gozag.
  8085 | D:7      | Found a runed translucent gate.
  8085 | D:7      | Found a runed translucent gate.
  8085 | D:7      | Noticed a two-headed ogre
  8085 | D:7      | Noticed GeoCrane's ghost (novice TrBe)
  8086 | D:7      | Noticed a red ugly thing
  8180 | D:7      | Noticed Maggie
  8230 | D:7      | Found Yriskigg's General Store.
  8306 | D:7      | Found a burning altar of Makhleb.
  8307 | D:7      | Found a radiant altar of Vehumet.
  8373 | D:6      | Killed Sigmund
  8629 | D:7      | Reached skill level 3 in Axes
  8787 | D:7      | Noticed Harold
  8815 | D:7      | Killed Harold
  8815 | D:7      | Reached skill level 4 in Axes
  8815 | D:7      | Reached skill level 5 in Stealth
  9001 | D:8      | Found a white marble altar of Elyvilon.
  9001 | D:8      | Found a sacrificial altar of Ru.
  9004 | D:8      | Found a shadowy altar of Dithmenos.
  9061 | D:8      | Found Riyfaxt's General Store.
  9181 | D:8      | Noticed a lindwurm
  9278 | D:8      | Learned a level 1 spell: Magic Dart
  9281 | D:8      | Learned a level 2 spell: Blink
  9284 | D:8      | Learned a level 2 spell: Call Imp
  9315 | D:9      | Reached XP level 10. HP: 51/58 MP: 13/15
  9345 | D:9      | Reached skill level 5 in Axes
  9443 | D:9      | Noticed Blork the orc
 10074 | Lair:1   | Entered Level 1 of the Lair of Beasts
 10122 | Lair:1   | Noticed a spiny frog
 10147 | Lair:1   | Reached skill level 5 in Armour
 10147 | Lair:1   | Reached skill level 1 in Conjurations
 10161 | Lair:1   | Noticed a spiny frog
 10170 | Lair:1   | Reached skill level 1 in Translocations
 10174 | Lair:1   | Reached skill level 1 in Summonings
 10177 | Lair:1   | Killed a spiny frog
 10177 | Lair:1   | Reached skill level 5 in Fighting
 10385 | Lair:2   | Found a hole to the Spider Nest.
 10385 | Lair:2   | Noticed an orb spider
 10401 | Lair:2   | Reached skill level 1 in Shields
 10548 | Lair:2   | Reached skill level 6 in Axes
 10623 | Lair:2   | Noticed Erica
 11132 | Lair:3   | Noticed an elephant
 11132 | Lair:3   | Noticed an elephant
 11132 | Lair:3   | Noticed an elephant
 11132 | Lair:3   | Noticed an elephant
 11132 | Lair:3   | Noticed a seven-headed hydra
 11163 | Lair:3   | Noticed an elephant
 11163 | Lair:3   | Noticed an elephant
 11163 | Lair:3   | Noticed an elephant
 11164 | Lair:3   | Noticed an elephant
 11197 | Lair:2   | Killed Erica
 11197 | Lair:2   | Reached skill level 5 in Evocations
 11197 | Lair:2   | Reached XP level 11. HP: 64/64 MP: 15/17
 11662 | Lair:4   | Learned a level 2 spell: Shroud of Golubria
 11810 | Lair:4   | Reached skill level 5 in Dodging
 11973 | Lair:4   | Reached skill level 7 in Axes
 12521 | Lair:5   | Noticed a five-headed hydra
 12537 | Lair:5   | Killed a one-headed hydra
 12537 | Lair:5   | Reached skill level 1 in Charms
 12725 | Lair:6   | Entered Level 6 of the Lair of Beasts
 12917 | Lair:6   | Found a staircase to the Slime Pits.
 12917 | Lair:6   | Found a viscous altar of Jiyva.
 13032 | Lair:5   | Noticed an oklob plant
 13530 | Lair:6   | Noticed an eight-headed hydra
 13534 | Lair:6   | Noticed a catoblepas
 13545 | Lair:6   | Killed a catoblepas
 13545 | Lair:6   | Reached XP level 12. HP: 29/70 MP: 18/18
 13786 | Lair:6   | Reached skill level 8 in Axes
 14318 | Lair:6   | Reached skill level 5 in Throwing
 14382 | Lair:6   | Reached skill level 9 in Axes
 14446 | Lair:6   | Noticed a death yak
 14447 | Lair:6   | Noticed a death yak
 14839 | Lair:4   | Reached skill level 5 in Spellcasting
 15321 | Lair:3   | Reached XP level 13. HP: 74/76 MP: 20/20
 15877 | D:10     | Entered Level 10 of the Dungeon
 16414 | D:9      | Killed Blork the orc
 17243 | D:11     | Found a portal to a secret trove of treasure.
 17608 | D:12     | Noticed Snorg
 17686 | D:11     | Found a large runed translucent door.
 17686 | D:11     | Found a large runed translucent door.
 17696 | D:11     | Noticed Pyuq's ghost (journeyman DsBe)
 17763 | D:11     | Learned a level 3 spell: Conjure Flame
 17950 | D:10     | Reached skill level 10 in Axes
 18178 | D:11     | Found Minumekh's Book Boutique.
 18499 | D:12     | Found a staircase to the Orcish Mines.
 18517 | D:12     | Reached skill level 5 in Shields
 18527 | D:13     | Noticed Kirke
 18759 | D:13     | Noticed Erolcha
 18842 | D:12     | You fall into a shaft and drop 3 floors!
 18842 | D:15     | Entered Level 15 of the Dungeon
 19163 | D:14     | Reached skill level 5 in Conjurations
 19213 | D:14     | Found Atagreat's General Store.
 19223 | D:14     | Noticed Frances
 19413 | D:14     | You fall into a shaft and drop 1 floor!
 19418 | D:15     | Found an iron altar of Okawaru.
 19574 | D:15     | Noticed an ogre mage
 19614 | D:15     | Mangled by a white ugly thing

Illustrated notes

Levels and vault maps discovered:
D:1:      dpeg_arrival_rooms_c, layout_loops_ring, serial_rivers,
          chequers_serial_rivers_large_a, chequers_serial_rivers_room_a,
          chequers_serial_rivers_room_a, chequers_serial_rivers_small_a,
          chequers_serial_rivers_small_b, chequers_serial_rivers_micro_a,
          minivault_23, st_stairs_14, minivault_26, minmay_misc_feat_roman,
          minmay_domino_2
D:2:      minmay_roachtagon, layout_loops_ring, minmay_split_cup_large,
          uniq_crazy_yiuf_cottage
D:3:      layout_rooms, regret_index_temple_of_mockery,
          chequers_temple_overflow_statue_of_worship, marbit_many_paths,
          uniq_robin
D:4:      layout_basic, zin_statuary, first_ration, chequers_avenue
D:5:      layout_cave_pools, minmay_temple_entry_junction_2, uniq_duvessa
D:6:      layout_basic, bloody_trog, portal_sewer_entry_f, serial_shops,
          nicolae_shop_window_shopping, serial_bayou_crossing, uniq_sigmund
D:7:      layout_basic, grunt_temple_overflow_lords_of_destruction,
          serial_shops, nicolae_shop_behind_doors, ebering_ghost_gozag,
          the_bakery, uniq_maggie, uniq_harold
D:8:      layout_basic, gammafunk_temple_overflow_forgotten, serial_shops,
          nicolae_shop_crystal, shop, shop_coins, shop, nicolae_shop_stone,
          minmay_lindwurm_lava
D:9:      layout_basic, david_lair_generic, sword_in_stone
D:10:     layout_loops_corners
D:11:     layout_loops_ring, special_room [special_room_kobold],
          ebering_ghost_disaster_area, serial_shops, kennysheep_mini,
          nicolae_trove_entry_crystal
D:12:     gammafunk_wand_slinger, layout_long_grid, orc_0_dummy, uniq_snorg,
          uniq_azrael
D:13:     layout_rooms, david_vaults_5, uniq_erolcha, uniq_nessos, uniq_kirke
D:14:     layout_loops_ring, lemuel_round_altar, gauntlet_entry_generic,
          serial_shops, nicolae_shop_crystal, shop_statue, nicolae_two_hexagons,
          uniq_frances
D:15:     gammafunk_enter_depths_forms, layout_basic, serial_shops,
          nicolae_shop_crystal, lemuel_oklob_altar
Temple:   nicolae_temple_figure_zero
Lair:1:   layout_gridlike
Lair:2:   layout_regular_city, nicolae_spider_entry_orb_guardian,
          nicolae_lair_grove_arrangements, uniq_erica
Lair:3:   layout_big_grid, shoals_dummy_entry
Lair:4:   layout_layer_cave
Lair:5:   layout_roguey, minmay_lair_oklob_chamber
Lair:6:   minmay_lair_end_enchanted_forest, layout_regular_city, slime_altar_1,
          serial_forest, infiniplex_forest_straight_3, infiniplex_forest_join,
          infiniplex_forest_end_double, infiniplex_forest_zigzag_2,
          infiniplex_forest_clump_long, infiniplex_forest_clump_medium,
          infiniplex_forest_lined_3_way, infiniplex_forest_lined_3_way

Skill      XL: |  1  2  3  4  5  6  7  8  9 10 11 12 13 |
---------------+----------------------------------------+-----
Short Blades   | 1 2 3 4 |  4.5
Throwing       | 1 2 3 4 5 |  5.8
Dodging        | 2 3 4 5 6 |  6.0
Evocations     | 3 4 5 6 |  6.1
Armour         | 1 2 3 4 5 6 7 |  7.7
Stealth        | 2 3 4 5 6 7 |  7.9
Fighting       | 2 3 4 5 6 7 |  7.6
Spellcasting   | 1 2 3 4 5 |  5.5
Axes           | 1 2 4 6 7 9 10 | 10.6
Conjurations   | 2 3 4 5 |  5.1
Translocations | 1 2 3 4 |  4.0
Summonings     | 1 2 3 4 |  4.0
Shields        | 1 3 4 5 |  5.4
Charms         | 1 2 3 |  3.4
Staves         | |  0.7

Action                   |  1- 3 |  4- 6 |  7- 9 | 10-12 | 13-15 || total
-------------------------+-------+-------+-------+-------+-------++-------
Melee: Short sword       |   145 |   359 |   427 |       |       ||   931
       War axe           |       |       |   120 |   433 |   384 ||   937
       Staff             |       |       |       |       |    23 ||    23
Throw: Javelin           |       |     3 |       |    36 |    16 ||    55
 Cast: Call Imp          |       |       |       |     2 |       ||     2
Evoke: Wand              |       |    15 |    10 |     6 |       ||    31
  Use: Scroll            |       |    11 |     7 |     5 |     7 ||    30
       Potion            |       |     2 |     2 |     3 |     2 ||     9
 Stab: Sleeping          |     1 |     2 |    10 |     3 |     4 ||    20
  Eat: Chunk             |     2 |     3 |     9 |    10 |     7 ||    31
       Ration            |       |     3 |     2 |     2 |     3 ||    10
Armor: Leather armour    |    69 |   164 |   293 |     6 |       ||   532
       Scale mail        |       |       |       |   280 |   259 ||   539
Dodge: Dodged            |    93 |   225 |   364 |   348 |   310 ||  1340
